 Dungeon Sprint DCSS version 0.23.0 (webtiles) character file.

Game seed: 963065647686165342

2700000 Fang the Slayer (level 15, -52/144 HPs)
             Began as a Demonspawn Gladiator on Feb 13, 2019.
             Was a Believer of Makhleb.
             Annihilated by a meat berserker
             ... wielding a +9 battleaxe
              (56 damage)
             ... in the Dungeon (Sprint VIII: "Arena of Blood").
             The game lasted 00:00:23 (27 turns).

Fang the Slayer (Demonspawn Gladiator)                Turns: 27, Time: 00:00:24

Health: -52/144    AC:  4    Str: 20    XL:     15   Next: 20%
Magic:  15/15      EV: 29    Int: 10    God:    Makhleb [**....]
Gold:   0          SH:  0    Dex: 15    Spells: 14/14 levels left

rFire    . . .     SeeInvis .   l - +∞ Axe of Woe
rCold    . . .     Gourm    .   (shield currently unavailable)
rNeg     . . .     Faith    .   b - +0 leather armour
rPois    .         Spirit   .   c - +0 helmet
rElec    .         Reflect  .   (no cloak)
rCorr    .         Harm     .   (no gloves)
MR       +....     NoTele   +   (no boots)
Stlth    +.........             (no amulet)
HPRegen  0.34/turn              (no ring)
MPRegen  0.14/turn              (no ring)

@: no status effects
A: claws 1, repulsion field 2, powered by death 2, spiny 1
a: Minor Destruction, Renounce Religion


You were in the Dungeon.
You worshipped Makhleb.
Makhleb was pleased with you.
You were not hungry.

You visited 1 branch

Inventory:

Hand Weapons
 a - a +0 war axe
 l - the +∞ Axe of Woe (weapon)
   (You found it in the Dungeon)
Missiles
 d - 3 throwing nets (quivered)
Armour
 b - a +0 leather armour (worn)
 c - a +0 helmet (worn)
Jewellery
 m - a +30 ring of slaying
 n - a +30 ring of slaying
Scrolls
 k - a scroll of blinking
Potions
 e - a potion of curing
 g - a potion of heal wounds
 h - a potion of haste
 i - 2 potions of magic
 j - a potion of berserk rage
Comestibles
 f - a ration


   Skills:
 + Level 21.2 Fighting
 + Level 19.8 Axes
 + Level 19.7 Throwing
 + Level 19.8 Dodging


You had 14 spell levels left.
You didn't know any spells.
Your spell library was empty.

Dungeon Overview and Level Annotations

Branches:
Dungeon (1/1)

Altars:
Makhleb


Innate Abilities, Weirdness & Mutations

You have sharp fingernails.
You are surrounded by a moderate repulsion field. (EV +3)
You regenerate health from kills.
You are partially covered in sharp spines.


Message History

A bag of meat comes into view. It is wielding a +9 war axe. x2
You hear a shout! x3 2 orcs come into view.
The bag of meat shouts! x3; You hear a shout! x4
The meat berserker hits you with a +9 battleaxe!!!!
Ouch! That really hurt!
* * * LOW HITPOINT WARNING * * *
You hear a shout! x5
A meat berserker comes into view. It is wielding a +9 battleaxe.
The bag of meat shouts!
An orc and an ogre come into view.
The meat berserker shouts!
The bag of meat shouts! x2; You hear a shout! x5
The meat berserker rages.
You hear a shout!
A bag of meat comes into view. It is wielding a +9 war axe.
A destroyer comes into view.
It is wielding a +9 great sword of slicing.
A bag of meat comes into view. It is wielding a +9 war axe.
You hear a shout!
The meat berserker hits you with a +9 battleaxe!!!
You die...

#... ...# #.......#
o.......V.#
###.......###........o
.....###.........o.Oo###
......_..........ooo....
#..)..#.......#.#..
#_.<)_#..........
...#....)#......#.#.#...
......_.......oO@.......
.....###........o#.#.#..
###......o###.O......
#.......#.......o....
#.......#o..o..O.o...#
....o........o...o....
............#.o.#V.O.o
....o......#....#.oo.


You could see 2 destroyers, a large bag of meat (inner flame), 4 meat berserkers
and 18 bags of meat.

Vanquished Creatures
  An ogre (D)
  4 orcs (D)
5 creatures vanquished.

Notes
Turn   | Place    | Note
-------+----------+-------------------------------------------
     0 | D        | Found the +∞ Axe of Woe
     0 | D        | Fang the Demonspawn Gladiator began the quest for the Orb.
     0 | D        | Reached XP level 1. HP: 16/16 MP: 1/1
     4 | D        | Became a worshipper of Makhleb the Destroyer
     4 | D        | Noticed a bag of meat
     5 | D        | Noticed a bag of meat
     6 | D        | Noticed a bag of meat
     9 | D        | Noticed a bag of meat
    11 | D        | Killed a bag of meat
    11 | D        | Reached skill level 14 in Fighting
    11 | D        | Gained mutation: You are surrounded by a mild repulsion
                  | field. (EV +2) [demonic ancestry]
    11 | D        | Reached XP level 2. HP: 43/43 MP: 2/2
    11 | D        | Reached XP level 3. HP: 49/49 MP: 3/3
    11 | D        | Reached XP level 4. HP: 56/56 MP: 4/4
    11 | D        | Gained mutation: You are surrounded by a moderate repulsion
                  | field. (EV +3) [demonic ancestry]
    11 | D        | Reached XP level 5. HP: 62/62 MP: 5/5
    11 | D        | Gained mutation: You are partially covered in sharp spines.
                  | [demonic ancestry]
    11 | D        | Reached XP level 6. HP: 69/69 MP: 6/6
    11 | D        | Gained mutation: You have sharp fingernails. [demonic
                  | ancestry]
    11 | D        | Reached XP level 7. HP: 75/75 MP: 7/7
    11 | D        | Gained mutation: You regenerate a little health from kills.
                  | [demonic ancestry]
    11 | D        | Reached XP level 8. HP: 82/82 MP: 8/8
    11 | D        | Reached XP level 9. HP: 88/88 MP: 9/9
    11 | D        | Gained mutation: You regenerate health from kills. [demonic
                  | ancestry]
    11 | D        | Reached XP level 10. HP: 95/95 MP: 10/10
    11 | D        | Reached XP level 11. HP: 101/101 MP: 11/11
    12 | D        | Killed a bag of meat
    12 | D        | Reached * piety under Makhleb
    12 | D        | Reached skill level 16 in Fighting
    12 | D        | Reached skill level 15 in Axes
    12 | D        | Reached skill level 15 in Throwing
    12 | D        | Reached skill level 15 in Dodging
    12 | D        | Reached XP level 12. HP: 113/113 MP: 12/12
    12 | D        | Killed a bag of meat
    12 | D        | Reached skill level 18 in Fighting
    12 | D        | Reached XP level 13. HP: 122/122 MP: 13/13
    13 | D        | Killed a bag of meat
    13 | D        | Reached skill level 19 in Fighting
    13 | D        | Reached XP level 14. HP: 133/133 MP: 14/14
    14 | D        | Noticed a meat berserker
    18 | D        | Killed a meat berserker
    18 | D        | Reached ** piety under Makhleb
    18 | D        | Reached skill level 21 in Fighting
    18 | D        | Reached XP level 15. HP: 67/144 MP: 15/15
    22 | D        | Noticed a meat berserker
    23 | D        | Noticed a meat berserker
    24 | D        | Noticed a destroyer
    24 | D        | Noticed a meat berserker
    25 | D        | Noticed a large bag of meat
    26 | D        | HP: 4/144 [meat berserker/+9 battleaxe (76)]
    26 | D        | Noticed a meat berserker
    27 | D        | Noticed a meat berserker
    27 | D        | Noticed a destroyer
    27 | D        | Annihilated by a meat berserker

Skill      XL: |  1  2  3  4  5  6  7  8  9 10 11 12 13 14 |
---------------+-------------------------------------------+-----
Fighting       | 14 16 18 19 21 | 21.2
Axes           | 13 15 17 18 19 | 19.8
Throwing       | 13 15 16 18 19 | 19.7
Dodging        | 13 15 17 18 19 | 19.8

Action                   |  1- 3 |  4- 6 |  7- 9 | 10-12 | 13-15 || total
-------------------------+-------+-------+-------+-------+-------++-------
Melee: Executioner's axe |     1 |       |       |     1 |     2 ||     4
Dodge: Dodged            |       |       |       |     1 |     1 ||     2
